 Dungeon Crawl Stone Soup version 0.13.0-6-g40e4d2d (webtiles) character file.

361 HungrySpirit the Chopper (level 5, -5/46 HPs)
             Began as a Minotaur Berserker on Oct 14, 2013.
             Was a Priest of Trog.
             Slain by a worker ant (6 damage)
             ... on Level 4 of the Dungeon.
             The game lasted 00:05:57 (2540 turns).

HungrySpirit the Chopper (Minotaur Berserker)       Turns: 2540, Time: 00:05:57

HP  -5/46        AC  3     Str 22      XL: 5   Next: 34%
MP   1/1         EV 11     Int  4      God: Trog [***...]
Gold 180         SH  0     Dex 10      Spells:  0 memorised,  4 levels left

Res.Fire  : . . .   See Invis. : +   a - +0,+1 hand axe {=f}
Res.Cold  : + . .   Warding    : .   v - +0 elf leather armour
Life Prot.: . . .   Conserve   : .   (no shield)
Res.Poison: .       Res.Corr.  : .   (helmet restricted)
Res.Elec. : .       Clarity    : .   (no cloak)
Sust.Abil.: . .     Spirit.Shd : .   (no gloves)
Res.Mut.  : .       Stasis     : .   (no boots)
Res.Rott. : .       Flight     : .   (no amulet)
Saprovore : . . .                    b - ring of protection from cold
                                     j - cursed ring of see invisible

@: hasted, very quick, slightly resistant to hostile enchantments, very
unstealthy
A: retaliatory headbutt, horns 2
a: Burn Spellbooks, Berserk, Trog's Hand, Renounce Religion


You were on level 4 of the Dungeon.
You worshipped Trog.
Trog was most pleased with you.
You were very hungry.

You visited 1 branch of the dungeon, and saw 4 of its levels.

You collected 160 gold pieces.

Inventory:

Hand weapons
 a - a +0,+1 hand axe (weapon) {=f}
Armour
 v - a +0 elven leather armour (worn)
Comestibles
 c - 4 bread rations
 g - a meat ration
 r - 2 pears
Scrolls
 e - 5 scrolls of teleportation
 i - a scroll of identify
 o - a scroll of fog
Jewellery
 b - a ring of protection from cold (right hand)
 h - an uncursed ring of magical power
 j - a cursed ring of see invisible (left hand)
Potions
 q - a potion of brilliance


   Skills:
 - Level 3.6 Fighting
 + Level 7.3 Axes
 - Level 2.4 Armour
 - Level 2.1 Dodging


You had 4 spell levels left.
You didn't know any spells.

Dungeon Overview and Level Annotations

Branches:
Dungeon (4/27)
 Temple: D:4-7

Altars:
Makhleb


Innate Abilities, Weirdness & Mutations

You reflexively headbutt those who attack you in melee.
You have a pair of horns on your head.


Message History

The orc wizard hits you with an orcish dagger.
Unknown command.
You hit the worker ant.
The worker ant is almost dead.
You barely miss the orc wizard.
The orc wizard is almost dead.
You barely miss the adder. You hit the orc wizard.
The orc wizard is lightly wounded.
The worker ant bites you!
* * * LOW HITPOINT WARNING * * *
The adder bites you.
* * * LOW HITPOINT WARNING * * *
The orc wizard barely misses you.
The orc wizard gestures at you while chanting.
The magic dart hits you!
* * * LOW HITPOINT WARNING * * *
Unknown command.
Drink which item? (? for menu, Esc to quit)
You feel yourself speed up. The worker ant bites you.
You die...

#.#.#.########.
###...#.##....... #
......#......... ..
................ ....
#.###.#.##.....# ..#
#.#<....#..# ...#
#.#####.##.###...#.#
#............a.......
########....@o.......
#....oS.......
#............
#............
#............
#...........
#..........
.......... .......


You could see a worker ant, 2 orc wizards and an adder.

Vanquished Creatures
  An orc priest (D:4)
  An iguana (D:3)
  3 adders (D:3)
  2 worms
  A giant mite (D:2)
  3 giant geckos
  2 orcs
  2 ball pythons
  3 bats
  5 giant cockroaches
  9 hobgoblins
  10 jackals (D:1)
  A quokka (D:2)
  A giant gecko zombie (D:3)
  4 giant newts
  10 goblins
  5 kobolds
  An orc skeleton (D:3)
  6 rats
  A rat skeleton (D:3)
71 creatures vanquished.

Vanquished Creatures (others)
  An adder (D:3)
  A kobold (D:3)
2 creatures vanquished.

Grand Total: 73 creatures vanquished

Notes
Turn   | Place    | Note
--------------------------------------------------------------
     0 | D:1      | HungrySpirit, the Minotaur Berserker, began the quest for the Orb.
     0 | D:1      | Reached XP level 1. HP: 19/19 MP: 0/0
    80 | D:1      | Reached skill level 4 in Axes
   146 | D:1      | Reached XP level 2. HP: 26/26 MP: 0/0
   272 | D:1      | Acquired Trog's second power
   277 | D:1      | Reached skill level 5 in Axes
   472 | D:1      | Reached XP level 3. HP: 29/33 MP: 1/1
  1014 | D:2      | Found a burning altar of Makhleb.
  1656 | D:2      | Reached skill level 6 in Axes
  1656 | D:2      | Reached XP level 4. HP: 37/39 MP: 1/1
  2091 | D:3      | Reached XP level 5. HP: 33/46 MP: 1/1
  2150 | D:3      | Reached skill level 7 in Axes
  2539 | D:4      | HP: 1/46 [orc wizard/magic dart (7)]
  2540 | D:4      | Slain by a worker ant

Action                   |  1- 3 |  4- 6 || total
-------------------------+-------+-------++-------
Melee: Hand axe          |   106 |    61 ||   167
Invok: Trog's Hand       |     1 |     2 ||     3
  Use: Scroll            |       |    16 ||    16
       Potion            |       |     1 ||     1
